 Dungeon Crawl Stone Soup version 0.31-a0-1549-g5ff9445e89 (webtiles) character file.

Game seed: 18266249142797792839

106 innerfire43 the Caller (level 4, -8/33 HPs)
             Began as a Demonspawn Wanderer on Jan 2, 2024.
             Killed by nerve-wracking pain
             ... invoked by an orc priest
              (13 damage)
             ... on level 3 of the Dungeon.
             The game lasted 00:06:38 (2188 turns).

innerfire43 the Caller (Demonspawn Wanderer)        Turns: 2188, Time: 00:06:38

Health: -8/33      AC:  4    Str: 11    XL:     4   Next: 55%
Magic:  7/7        EV: 22    Int: 17    God:
Gold:   52         SH:  0    Dex: 11    Spells: 6/7 levels left

rFire   . . .        a - +1 club (flame)
rCold   . . .        (no shield)
rNeg    . . .        c - +0 robe
rPois   .            (no helmet)
rElec   .            n - +0 cloak
rCorr   .            i - +0 pair of gloves
SInv    .            (no boots)
Will    .....        j - amulet of regeneration
Stlth   +            g - +5 ring of evasion
HPRegen 1.05/turn    b - +5 ring of evasion
MPRegen 0.10/turn

%: no passive effects
@: no status effects
A: weakness stinger 1
a: no special abilities


You were on level 3 of the Dungeon.
You visited 1 branch of the dungeon, and saw 3 of its levels.

You collected 52 gold pieces.

Inventory:

Hand Weapons
 a - a +1 club of flaming (weapon)
 l - a +3 quarterstaff of chaos
Armour
 c - a +0 robe (worn)
 i - a +0 pair of gloves (worn)
 n - a +0 cloak (worn)
Jewellery
 b - a +5 ring of evasion (right hand)
 g - a +5 ring of evasion (left hand)
 j - an amulet of regeneration (around neck)
Scrolls
 d - 2 scrolls of vulnerability
 k - a scroll of fear
Potions
 e - a potion of enlightenment
 f - 2 potions of brilliance {unknown}
 h - a potion of attraction {unknown}
 m - a potion of heal wounds {unknown}
 o - a potion of mutation {unknown}


   Skills:
 + Level 1.7 Fighting
 + Level 1.7 Dodging
 - Level 1.0 Stealth
 * Level 2.3 Spellcasting
 * Level 4.9 Summonings
 - Level 1.7 Translocations


You had 6 spell levels left.
You knew the following spells:

 Your Spells              Type           Power      Damage    Failure   Level
a - Summon Small Mammal   Summ           72%        N/A       2%          1

Your spell library contained the following spells:

 Spells                   Type           Power      Damage    Failure   Level
 Apportation              Tloc           16%        N/A       9%          1
 Gell's Gravitas          Tloc           8%         N/A       26%         3
 Martyr's Knell           Necr/Summ      10%        N/A       56%         4
 Summon Blazeheart Golem  Fire/Summ      10%        N/A       56%         4
 Summon Lightning Spire   Summ/Air       10%        N/A       56%         4
 Orb of Destruction       Conj           1%         9d5       100%        7
 Spellforged Servitor     Conj/Summ      5%         N/A       100%        7


Dungeon Overview and Level Annotations

Branches:
Dungeon (3/15)

Altars:


Innate Abilities, Weirdness & Mutations

You have a small tail.


Message History

You barely miss the orc. The orc completely misses you.
An orc priest comes into view. It is wielding a +0 club.
The orc misses you.
You closely miss the orc.
The orc priest shouts!
Your tail-slap misses the orc.
You hear a shout!
The orc misses you.
You barely miss the orc.
Your tail-slap misses the orc.
The orc closely misses you.
The orc priest mumbles some strange prayers to Beogh against you.
Beogh smites you!
Ouch! That really hurt!
You hit the orc. You burn the orc.
The orc is almost dead.
The orc barely misses you. The orc priest barely misses you.
An orc wizard comes into view. It is wielding a +0 dagger.
The orc priest closely misses you.
The orc wizard mumbles some strange words.
The orc wizard flickers and vanishes!
The orc completely misses you.
You hit the orc but do no damage.
The orc is almost dead.
The orc completely misses you.
The orc priest calls down the wrath of Beogh upon you.
Beogh smites you!
* * * LOW HITPOINT WARNING * * *
You hit the orc. You burn the orc.
You kill the orc!
The orc priest hits you with a +0 club.
* * * LOW HITPOINT WARNING * * *
Unknown command.
You closely miss something. Something hits you.
* * * LOW HITPOINT WARNING * * *
The orc priest barely misses you.
Unknown command.
You hit something but do no damage. Something hits you.
* * * LOW HITPOINT WARNING * * *
The orc priest calls down the wrath of Beogh upon you.
Pain shoots through your body!
You die...

###########
#..<.......
###.#.#######
....#.....#
###.....#.#
#.###o# #.
#@# # #)# .{#
####


You could see an orc priest.

Vanquished Creatures
  Crazy Yiuf (D:2)
  2 adders (D:2)
  3 dart slugs
  An orc (D:3)
  3 endoplasms
  A giant cockroach (D:1)
  4 goblins
  2 hobgoblins (D:2)
  7 jackals
  3 kobolds
  A quokka (D:2)
  8 ball pythons
  4 bats
  A frilled lizard (D:2)
  5 rats
46 creatures vanquished.

Vanquished Creatures (collateral kills)
  2 jackals (D:1)
  A frilled lizard (D:1)
3 creatures vanquished.

Grand Total: 49 creatures vanquished

Notes
Turn   | Place    | Note
-------+----------+-------------------------------------------
     0 | D:1      | innerfire43 the Demonspawn Wanderer began the quest for the
                  | Orb.
     0 | D:1      | innerfire43 set off with the following items: a +0 club, a
                  | scroll of fear, a +0 robe, a scroll of vulnerability; and
                  | the following spells available to memorise: Summon Small
                  | Mammal, Apportation, Gell's Gravitas, Martyr's Knell,
                  | Summon Lightning Spire.
     0 | D:1      | Reached XP level 1. HP: 15/15 MP: 2/2
     2 | D:1      | Learned a level 1 spell: Summon Small Mammal
   184 | D:1      | Gained mutation: You have a small tail. [demonic ancestry]
   184 | D:1      | Reached XP level 2. HP: 2/21 MP: 2/4
   444 | D:1      | Found a faded altar of an unknown god.
  1022 | D:2      | Reached XP level 3. HP: 17/26 MP: 5/5
  1511 | D:2      | Found a runed translucent door.
  1512 | D:2      | Noticed Crazy Yiuf
  1619 | D:2      | Killed Crazy Yiuf
  1620 | D:2      | Reached XP level 4. HP: 19/33 MP: 7/7
  2188 | D:3      | Killed from afar by an orc priest

Illustrated notes

Levels and vault maps discovered:
D:1:      ncdulo_lavacross, layout_loops_ring,
          hellmonk_ecumenical_altar_arch_garden
D:2:      minmay_diamond_boxcup, layout_loops_ring, uniq_crazy_yiuf_cottage
D:3:      layout_basic, chequers_arboretum

Skill      XL: |  1  2  3 |
---------------+----------+-----
Spellcasting   | 2 |  2.3
Fighting       | |  1.7
Dodging        | |  1.7
Stealth        | |  1.0
Summonings     | |  4.9
Translocations | |  1.7

Action                     |  1- 3 |  4- 6 || total
---------------------------+-------+-------++-------
  Melee: Club              |   146 |    53 ||   199
         Tailslap          |    15 |     5 ||    20
         Punch             |     1 |       ||     1
   Cast: Summon Small Mamm |     5 |       ||     5
    Use: Scroll            |     5 |     1 ||     6
         Potion            |     1 |       ||     1
   Stab: Sleeping          |     3 |     1 ||     4
 Armour: Robe              |   114 |    16 ||   130
  Dodge: Dodged            |   168 |    65 ||   233

Table legend: (Time is in decaauts)
 A = Elapsed time spent in this place.
 B = Non-inter-level travel time spent in this place.
 C = Inter-level travel time spent in this place.
 D = Time resting spent in this place.
 E = Time spent auto-exploring this place.
 F = Levels seen in this place.
 G = Mean time per level.
                   A        B        C        D        E       F      G
               +--------+--------+--------+--------+--------+-----+--------+
         Total |   2246 |   2142 |    104 |      0 |   1531 |   3 |  748.7 |
       Dungeon |   2246 |   2142 |    104 |      0 |   1531 |   3 |  748.7 |
               +--------+--------+--------+--------+--------+-----+--------+

Top non-repeatable levels by time:
     D:2: 1167 daAuts
     D:1: 1034 daAuts
     D:3: 43 daAuts
